 Dungeon Crawl Stone Soup version 0.26.1-11-gd32895ea62 (webtiles) character file.

Game seed: 5089689010220224730

94229 bnorton916 the Devastator (level 15, -3/76 HPs)
             Began as a Deep Elf Conjurer on July 12, 2021.
             Was an Initiate of Gozag.
             Slain by a spriggan rider
             ... wielding a +0 spear
              (11 damage)
             ... on level 4 of the Swamp.
             The game lasted 01:48:58 (39524 turns).

bnorton916 the Devastator (Deep Elf Conjurer)      Turns: 39524, Time: 01:48:58

Health: -3/76      AC: 17    Str:  5    XL:     15   Next: 62%
Magic:  14/37      EV: 15    Int: 27    God:    Gozag
Gold:   1587       SH:  5    Dex: 14    Spells: 3/46 levels left

rFire    . . .     SeeInvis +   o - +1 short sword (elec)
rCold    . . .     Faith    .   (no shield)
rNeg     + . .     Spirit   .   M - +1 steam dragon scales
rPois    +         Reflect  +   e - +0 helmet {SInv}
rElec    .         Harm     .   v - +2 ratskin cloak {*Rats rPois rN+ Str-1 Int-1 Dex+1}
rCorr    .         Rampage  .   P - +1 pair of gloves
Will     +....                  d - +0 pair of boots {Stlth+}
Stlth    +++.......             J - amulet of reflection
HPRegen  0.22/turn              n - ring of wizardry
MPRegen  0.25/turn              C - +4 ring of protection

@: no status effects
A: no striking features
a: Renounce Religion, Potion Petition, Call Merchant, Bribe Branch


You were on level 4 of the Swamp.
You worshipped Gozag.
Gozag was most pleased with you.
You visited 4 branches of the dungeon, and saw 22 of its levels.

You collected 7390 gold pieces.
You spent 3397 gold pieces at shops.
You paid 2406 gold pieces to Gozag.

Inventory:

Hand Weapons
 o - a +1 short sword of electrocution (weapon)
Missiles
 G - 11 curare-tipped darts
Armour
 d - a +0 pair of boots of stealth (worn)
 e - a +0 helmet of see invisible (worn)
 v - the +2 ratskin cloak (worn) {*Rats rPois rN+ Str-1 Int-1 Dex+1}
   (You bought it in a shop on level 2 of the Orcish Mines)

   It affects your strength (-1).
   It affects your intelligence (-1).
   It affects your dexterity (+1).
   It protects you from poison.
   It protects you from negative energy.
 y - a +2 robe of resistance
 M - +1 steam dragon scales (worn)
 P - a +1 pair of gloves (worn)
Jewellery
 a - an uncursed ring of stealth
 b - an uncursed ring of see invisible
 n - a ring of wizardry (left hand)
 r - an uncursed ring of poison resistance
 A - an uncursed ring of protection from fire
 C - a +4 ring of protection (right hand)
 J - an amulet of reflection (around neck)
 S - an uncursed ring of protection from cold
Wands
 p - a wand of polymorph (13)
 D - a wand of flame (15)
 E - a wand of iceblast (38)
 F - a wand of random effects (27)
 Q - a wand of paralysis (8)
 R - a wand of digging (2)
Scrolls
 c - 9 scrolls of remove curse
 h - 10 scrolls of teleportation
 m - 4 scrolls of amnesia
 s - 3 scrolls of fog
 x - 2 scrolls of magic mapping
 B - a scroll of blinking
 H - 8 scrolls of identify
Potions
 f - 9 potions of heal wounds
 g - 2 potions of magic
 i - a potion of might
 j - 4 potions of resistance
 k - a potion of cancellation
 l - 2 potions of flight
 q - 5 potions of lignification
 t - a potion of mutation
 u - 3 potions of invisibility
 w - 8 potions of curing
 z - 3 potions of brilliance
 I - 9 potions of haste


   Skills:
 - Level 2.0 Fighting
 - Level 6.0 Dodging
 - Level 2.4 Stealth
 + Level 16.2 Spellcasting
 - Level 19.0 Conjurations
 - Level 11.5 Hexes
 - Level 7.6 Translocations
 - Level 10.0 Fire Magic
 + Level 5.8 Ice Magic
 - Level 4.3 Air Magic
 - Level 4.8 Poison Magic


You had 3 spell levels left.
You knew the following spells:

 Your Spells              Type           Power        Failure   Level
a - Swiftness             Air            45%          1%          2
b - Searing Ray           Conj           100%         0%          2
c - Dazzling Flash        Conj/Hex       100%         0%          3
d - Fulminant Prism       Conj/Hex       40%          1%          4
e - Iskenderun's Mystic   Conj/Tloc      76%          1%          4
f - Sticky Flame          Conj/Fire      79%          1%          4
g - Fireball              Conj/Fire      39%          1%          5
h - Apportation           Tloc           100%         1%          1
i - Mephitic Cloud        Conj/Pois/Air  64%          1%          3
j - Blink                 Tloc           N/A          1%          2
k - Orb of Destruction    Conj           45%          1%          7
l - Freezing Cloud        Conj/Ice/Air   32%          2%          6

Your spell library contained the following spells:

 Spells                   Type           Power        Failure   Level
 Corona                   Hex            78%          0%          1
 Foxfire                  Conj/Fire      100%         0%          1
 Magic Dart               Conj           100%         0%          1
 Shock                    Conj/Air       100%         0%          1
 Conjure Flame            Conj/Fire      79%          0%          3
 Animate Skeleton         Necr           42%          1%          1
 Beastly Appendage        Tmut           42%          1%          1
 Summon Small Mammal      Summ           84%          1%          1
 Call Imp                 Summ           21%          1%          2
 Poisonous Vapours        Pois/Air       92%          1%          2
 Slow                     Hex            71%          1%          2
 Wereblood                Tmut           21%          1%          2
 Confusing Touch          Hex            71%          1%          3
 Gell's Gravitas          Tloc           29%          1%          3
 Inner Flame              Hex/Fire       69%          1%          3
 Portal Projectile        Hex/Tloc       100%         1%          3
 Spider Form              Tmut/Pois      17%          1%          3
 Static Discharge         Conj/Air       71%          1%          3
 Airstrike                Air            22%          1%          4
 Cause Fear               Hex            35%          1%          4
 Leda's Liquefaction      Hex/Erth       26%          1%          4
 Bolt of Magma            Conj/Fire/Erth 32%          1%          5
 Iskenderun's Battlesphe  Conj           90%          1%          5
 Lightning Bolt           Conj/Air       35%          1%          5
 Metabolic Englaciation   Hex/Ice        31%          1%          5
 Silence                  Hex/Air        30%          1%          5
 Ice Form                 Ice/Tmut       37%          2%          4
 Yara's Violent Unravell  Hex/Tmut       26%          2%          5
 Iron Shot                Conj/Erth      32%          2%          6
 Petrify                  Tmut/Erth      21%          9%          4
 Spellforged Servitor     Conj/Summ      32%          16%         7
 Blade Hands              Tmut           10%          26%         5
 Discord                  Hex            35%          45%         8


Dungeon Overview and Level Annotations

Branches:
Dungeon (10/15)            Temple (0/1) D:6            Lair (6/6) D:10
  Swamp (4/4) Lair:2       Spider (0/4) Lair:3        Slime (0/5) Lair:6
    Orc (2/2) D:10            Elf (0/3) Orc:2

Altars:
Ashenzari
Dithmenos
Fedhas
Gozag
Kikubaaqudgha
Makhleb
Qazlal
Sif Muna
Trog
Uskayaw
Wu Jian
Yredelemnul
Beogh
Jiyva

Shops:
D:10 [   Orc:2 :(:*[   Lair:1 :[!

Annotations:
D:9 3 runed translucent doors, SpoonFarmer's ghost, novice MiFi
Swamp:2 2 transporters, exclusion: obsidian statue


Message History

The spriggan rider is severely wounded. (Press . to maintain the ray.)
The spriggan rider hits you from afar with a +0 spear!
A hell rat scurries out from under your cloak.
Casting: Searing Ray (safe; 0% risk of failure)
Confirm with . or Enter, or press ? or * to list all spells.
Aiming: Searing Ray (safe; 0% risk of failure)
Press: ? - help, Shift-Dir - straight line, f/p - spriggan rider
Aim: a spriggan rider, wielding a +0 spear (severely wounded, 35% to evade)
The searing ray misses the spriggan rider. (Press . to maintain the ray.)
The spriggan rider hits you from afar with a +0 spear!
Unknown command.
The searing ray misses the spriggan rider.
The spriggan rider hits you from afar with a +0 spear!!
* * * LOW HITPOINT WARNING * * *
Your hell rat bites the spriggan rider!
The spriggan rider hits you from afar with a +0 spear!
You die...
Your body crumbles into a pile of gold.

≈≈≈≈≈≈≈.$.≈≈
..≈≈≈§≈≈≈..
..≈≈≈≈≈≈≈.♣
.≈≈≈≈≈≈≈§.♣
.≈≈≈.≈≈≈≈.♣
..≈≈.≈≈≈≈.♣
♣≈.♣..≈r≈♣
♣..≈.wi$@♣
♣≈.≈≈♣♣♣♣♣
.≈. ≈ $


You could see a tyrant leech, a spriggan rider and a friendly hell rat.

Vanquished Creatures
  Gastronok (D:8)
  Kirke (Lair:5)
  2 orc warlords (Orc:1)
  A stone giant (Orc:2)
  5 bunyips
  5 eleionomae
  Snorg (Orc:1)
  A fire dragon (Lair:6)
  A boulder beetle (Lair:6)
  Erica (D:8)
  16 hydras
  A two-headed ogre (D:8)
  2 ghost crabs
  7 alligators
  A death yak (Lair:6)
  Urug (D:10)
  4 orc high priests
  3 spriggans (Swamp:1)
  Sonja (Lair:6)
  A fire crab (Lair:6)
  A spriggan druid (Swamp:2)
  4 bog bodies
  A goliath frog (Swamp:2)
  3 orc knights (Orc:2)
  2 will-o-the-wisps
  7 orc sorcerers
  A cyclops (Orc:2)
  An oklob plant (Lair:6)
  4 black mambas (Lair:6)
  10 elephants
  A gargoyle (D:9)
  2 torpor snails (Lair:6)
  19 cane toads
  2 molten gargoyles (Lair:6)
  Maggie (D:9)
  12 komodo dragons
  2 rime drakes (Lair:5)
  3 trolls
  2 polar bears
  A bloated husk (Swamp:3)
  3 hornets (Swamp:1)
  A jumping spider (Lair:3)
  8 blink frogs
  Grinder (D:6)
  5 tyrant leeches
  9 dream sheep
  32 yaks
  A wyvern (Lair:5)
  3 hogs (Lair:5)
  Eustachio (D:5)
  4 basilisks
  Grum (D:8)
  8 vampire mosquitoes
  Menkaure (D:6)
  2 steam dragons (Lair:6)
  9 swamp worms
  5 wargs
  3 hell hounds (Lair:6)
  A soldier ant (D:9)
  16 water moccasins
  5 black bears
  4 ice beasts
  39 orc warriors
  2 sky beasts
  3 phantoms
  13 ogres
  7 wolves
  2 centaurs
  2 big kobolds
  Blork the orc (Orc:2)
  14 bullfrogs
  A wyvern zombie (D:8)
  2 scorpions
  3 howler monkeys
  13 wights (D:10)
  A centaur zombie (D:5)
  5 lava snakes (Lair:6)
  2 quasits
  A gnoll shaman (D:6)
  2 bullfrog zombies
  5 hounds
  29 orc priests
  A centaur skeleton (D:4)
  2 jellies
  Jessica (D:3)
  3 bullfrog skeletons
  Ijyb (D:3)
  7 iguanas
  21 orc wizards
  9 worker ants
  7 hell rats (Lair:2)
  A howler monkey zombie (D:6)
  A worker ant zombie (D:9)
  9 gnolls
  12 adders
  3 shadow imps
  3 white imps
  3 ufetubi
  An ooze (D:2)
  An adder zombie (D:8)
  2 worms
  7 dart slugs
  6 leopard geckos
  114 orcs
  8 bats
  3 giant cockroaches
  4 hobgoblins
  9 jackals
  4 quokkas
  3 frilled lizards (D:2)
  4 goblins
  15 kobolds
  7 rats
677 creatures vanquished.

Vanquished Creatures (collateral kills)
  An eleionoma (Swamp:2)
1 creature vanquished.

Vanquished Creatures (others)
  2 foxfires (Swamp:4)
  124 fulminant prisms
  64 fungi
  83 plants
273 creatures vanquished.

Grand Total: 951 creatures vanquished

Notes
Turn   | Place    | Note
-------+----------+-------------------------------------------
     0 | D:1      | bnorton916 the Deep Elf Conjurer began the quest for the
                  | Orb.
     0 | D:1      | Reached XP level 1. HP: 10/10 MP: 6/6
   789 | D:1      | Reached XP level 2. HP: 15/15 MP: 5/8
   955 | D:2      | Learned a level 2 spell: Searing Ray
  1139 | D:2      | Found a blossoming altar of Fedhas.
  1442 | D:2      | Reached skill level 5 in Conjurations
  1442 | D:2      | Reached XP level 3. HP: 19/19 MP: 4/10
  1998 | D:3      | Found a basalt altar of Yredelemnul.
  2383 | D:3      | Noticed a sky beast
  2390 | D:3      | Killed a sky beast
  2391 | D:3      | Reached skill level 5 in Spellcasting
  2391 | D:3      | Reached XP level 4. HP: 14/24 MP: 3/13
  2391 | D:3      | Reached XP level 5. HP: 17/28 MP: 3/14
  2539 | D:3      | Learned a level 3 spell: Dazzling Flash
  2544 | D:3      | Learned a level 4 spell: Fulminant Prism
  2571 | D:3      | Noticed Ijyb
  2578 | D:3      | Killed Ijyb
  2804 | D:3      | Reached skill level 6 in Conjurations
  2862 | D:3      | Reached skill level 1 in Hexes
  2898 | D:3      | Noticed Jessica
  2903 | D:3      | Killed Jessica
  3092 | D:3      | Reached XP level 6. HP: 17/32 MP: 6/17
  4001 | D:4      | Reached XP level 7. HP: 36/36 MP: 14/19
  4402 | D:4      | Found a shadowy altar of Dithmenos.
  4409 | D:4      | Reached skill level 7 in Conjurations
  4797 | D:4      | Found an opulent altar of Gozag.
  4807 | D:4      | Became a worshipper of Gozag Ym Sagoz the Greedy
  4876 | D:5      | Entered Level 5 of the Dungeon
  5150 | D:5      | Reached skill level 5 in Hexes
  5200 | D:5      | Found a burning altar of Makhleb.
  5411 | D:5      | Noticed Eustachio
  5415 | D:5      | Killed Eustachio
  5416 | D:5      | Reached XP level 8. HP: 41/41 MP: 16/22
  5548 | D:5      | Found an ornate altar of the Wu Jian Council.
  5607 | D:5      | Found a stormy altar of Qazlal.
  5905 | D:5      | Found a shimmering blue altar of Sif Muna.
  5942 | D:6      | Found a staircase to the Ecumenical Temple.
  5942 | D:6      | Noticed Menkaure
  6287 | D:6      | Reached skill level 8 in Conjurations
  6776 | D:5      | Learned a level 4 spell: Iskenderun's Mystic Blast
  6780 | D:6      | Killed Menkaure
  7014 | D:6      | Learned a level 4 spell: Sticky Flame
  7094 | D:6      | Noticed Grinder
  7100 | D:6      | Killed Grinder
  7101 | D:6      | Reached skill level 1 in Translocations
  7101 | D:6      | Reached skill level 1 in Fire Magic
  7415 | D:6      | Reached XP level 9. HP: 45/45 MP: 13/24
  7873 | D:7      | Reached skill level 9 in Conjurations
  9012 | D:7      | Noticed a moth of wrath
  9015 | D:7      | Found a bloodstained altar of Trog.
  9664 | D:8      | Learned a level 5 spell: Fireball
  9666 | D:8      | Learned a level 1 spell: Apportation
 10257 | D:8      | Noticed Gastronok
 10261 | D:8      | Noticed Erica
 10273 | D:8      | Killed Erica
 10274 | D:8      | Reached skill level 10 in Conjurations
 10274 | D:8      | Reached skill level 5 in Translocations
 10274 | D:8      | Reached XP level 10. HP: 37/50 MP: 11/25
 10422 | D:8      | Noticed Grum
 10430 | D:8      | Reached skill level 5 in Fire Magic
 10432 | D:8      | Killed Grum
 10850 | D:8      | Killed Gastronok
 10851 | D:8      | Reached skill level 10 in Hexes
 11114 | D:8      | Found a broken altar of Ashenzari.
 11654 | D:9      | Noticed Maggie
 11742 | D:9      | Killed Maggie
 11990 | D:9      | Found a runed translucent gate.
 11991 | D:9      | Found a runed translucent gate.
 11992 | D:9      | Found a runed translucent gate.
 11995 | D:9      | Noticed SpoonFarmer's ghost (novice MiFi)
 12093 | D:9      | Noticed a gargoyle
 12220 | D:9      | Killed a gargoyle
 12221 | D:9      | Reached skill level 11 in Conjurations
 12395 | D:9      | Found a hide-covered altar of Uskayaw.
 12486 | D:9      | Noticed a two-headed ogre
 12503 | D:8      | Killed a two-headed ogre
 12504 | D:8      | Reached XP level 11. HP: 42/54 MP: 14/26
 12978 | D:9      | Found an ancient bone altar of Kikubaaqudgha.
 13189 | D:9      | Found a viscous altar of Jiyva.
 13263 | D:10     | Entered Level 10 of the Dungeon
 13325 | D:10     | Noticed Urug
 13341 | D:10     | Killed Urug
 13752 | D:10     | Found Touvuoz's Antique Armour Shoppe.
 13838 | D:10     | Found a staircase to the Lair.
 14521 | D:10     | Bought a pair of runed gloves for 187 gold pieces
 14659 | D:10     | Reached skill level 1 in Fighting
 14832 | D:10     | Found a staircase to the Orcish Mines.
 15158 | Lair:1   | Entered Level 1 of the Lair of Beasts
 15163 | Lair:1   | Bought a book of Power for 585 gold pieces
 15430 | Lair:1   | Bought a book of Clouds for 585 gold pieces
 15434 | Lair:1   | Learned a level 3 spell: Mephitic Cloud
 15756 | Lair:1   | Reached skill level 1 in Poison Magic
 15775 | Lair:1   | Reached skill level 1 in Air Magic
 16328 | Lair:2   | Reached skill level 5 in Dodging
 16993 | Lair:2   | Reached skill level 12 in Conjurations
 16993 | Lair:2   | Reached XP level 12. HP: 37/62 MP: 5/27
 16996 | Lair:2   | Reached skill level 10 in Spellcasting
 17623 | Lair:2   | Found a staircase to the Swamp.
 17873 | Lair:2   | You fall into a shaft and drop 2 floors!
 18786 | Lair:2   | Learned a level 2 spell: Blink
 18883 | Lair:2   | Noticed a six-headed hydra
 18891 | Lair:2   | Killed a six-headed hydra
 20055 | Lair:3   | Found a hole to the Spider Nest.
 20362 | Lair:4   | Noticed an eight-headed hydra
 20368 | Lair:3   | Killed an eight-headed hydra
 20542 | Lair:4   | Noticed an eight-headed hydra
 20550 | Lair:4   | Killed an eight-headed hydra
 20573 | Lair:4   | Reached skill level 13 in Conjurations
 20980 | Lair:4   | Noticed a seven-headed hydra
 20988 | Lair:4   | Killed a seven-headed hydra
 21511 | Lair:4   | Reached XP level 13. HP: 47/66 MP: 25/31
 22058 | Lair:1   | Bought a +0 cloak of poison resistance for 119 gold pieces
 22164 | Lair:1   | Bought a +0 pair of boots of stealth for 161 gold pieces
 23634 | Lair:5   | Reached skill level 10 in Fire Magic
 23659 | Lair:5   | Learned a level 7 spell: Orb of Destruction
 24041 | Lair:5   | Noticed Kirke
 24107 | Lair:5   | Killed Kirke
 24108 | Lair:5   | Reached skill level 14 in Conjurations
 24575 | Lair:6   | Entered Level 6 of the Lair of Beasts
 25320 | Lair:6   | Reached skill level 15 in Conjurations
 25371 | Lair:6   | Found a staircase to the Slime Pits.
 26490 | Lair:6   | Noticed Sonja
 26500 | Lair:6   | Killed Sonja
 26501 | Lair:6   | Reached skill level 16 in Conjurations
 26553 | Lair:6   | Reached XP level 14. HP: 72/72 MP: 1/32
 28123 | Lair:6   | Found a large runed translucent door.
 28237 | Lair:6   | Reached skill level 17 in Conjurations
 28730 | Lair:6   | Found a large runed translucent door.
 29186 | Lair:1   | Bought a potion of might for 64 gold pieces
 29186 | Lair:1   | Bought 2 potions of flight for 96 gold pieces
 29186 | Lair:1   | Bought a potion of degeneration for 16 gold pieces
 29274 | Orc:1    | Entered Level 1 of the Orcish Mines
 29747 | Orc:1    | Noticed Snorg
 29752 | Orc:1    | Killed Snorg
 29969 | Orc:2    | Entered Level 2 of the Orcish Mines
 29969 | Orc:2    | Noticed an orc warlord
 29985 | Orc:1    | Killed an orc warlord
 30448 | Orc:1    | Learned a level 2 spell: Swiftness
 31072 | Orc:2    | Paralysed by an orc sorcerer for 3 turns
 31076 | Orc:2    | Paralysed by an orc sorcerer for 2 turns
 31080 | Orc:2    | Reached skill level 18 in Conjurations
 31833 | Orc:2    | Noticed an orc warlord
 31886 | Orc:1    | Killed an orc warlord
 32075 | Orc:2    | Noticed Blork the orc
 32299 | Orc:2    | Noticed a stone giant
 32316 | Orc:2    | Killed a stone giant
 32873 | Orc:2    | Killed Blork the orc
 33098 | Orc:2    | Found a roughly hewn altar of Beogh.
 33112 | Orc:2    | Found Xuabbe's Antique Armour Shoppe.
 33121 | Orc:2    | Reached skill level 19 in Conjurations
 33210 | Orc:2    | Found Celahynk's Book Shoppe.
 33243 | Orc:2    | Found Kit Kuno's Antique Weapon Shoppe.
 33247 | Orc:2    | Found Pufalosi's General Store.
 33263 | Orc:2    | Found a staircase to the Elven Halls.
 33385 | Orc:2    | Bought a glowing helmet for 187 gold pieces
 33413 | Orc:2    | Bought an uncursed ring of wizardry for 390 gold pieces
 33413 | Orc:2    | Bought 2 potions of curing for 78 gold pieces
 33413 | Orc:2    | Bought a potion of haste for 130 gold pieces
 33413 | Orc:2    | Bought a potion of mutation for 104 gold pieces
 33537 | Orc:2    | Found Exoymokul's Book Boutique.
 33724 | Orc:2    | Bought the +2 ratskin cloak {*Rats rPois rN+ Str-1 Int-1
                  | Dex+1} for 695 gold pieces
 33724 | Orc:2    | Found the +2 ratskin cloak {*Rats rPois rN+ Str-1 Int-1
                  | Dex+1}
 34468 | Swamp:1  | Entered Level 1 of the Swamp
 34771 | Lair:2   | Reached XP level 15. HP: 19/76 MP: 4/34
 36573 | Swamp:1  | Reached skill level 15 in Spellcasting
 36810 | Swamp:2  | Learned a level 6 spell: Freezing Cloud
 36877 | Swamp:2  | Found a transporter.
 36892 | Swamp:2  | Found a transporter.
 36944 | Swamp:2  | Reached skill level 1 in Ice Magic
 38829 | Swamp:3  | Reached skill level 5 in Ice Magic
 39381 | Swamp:4  | Entered Level 4 of the Swamp
 39524 | Swamp:4  | Slain by a spriggan rider

Illustrated notes

Levels and vault maps discovered:
D:1:      dpeg_arrival_line_fractal, layout_loops_ring
D:2:      layout_basic, lemuel_doored_altar
D:3:      layout_loops_corners, yredelemnul_altar_generic, uniq_ijyb,
          uniq_jessica
D:4:      minmay_evil_eye, layout_cave_pools, grunt_dithmenos_smoke,
          kennysheep_mini_moat
D:5:      layout_loops_ring, old_standard_altar, lemuel_blue_sif_altar,
          chequers_temple_overflow_statue_of_worship, minivault_5,
          minmay_fractal_squares_gapless_5, uniq_eustachio
D:6:      layout_basic, minmay_temple_entry_arrows, corner_web_ring,
          minmay_liquid_box, uniq_menkaure, uniq_grinder
D:7:      layout_basic, tgw_trog
D:8:      layout_rooms, marbit_many_paths, uniq_erica, uniq_gastronok, uniq_grum
D:9:      layout_irregular_city, general_overflow_altar,
          eat_drink_and_be_merry_uskayaw, gammafunk_ghost_ooze, uniq_maggie
D:10:     layout_loops_ring, dpeg_oklobed_lair, hiddenorc2_lemuel, serial_shops,
          nicolae_shop_waterfront, uniq_urug
Lair:1:   layout_misc_corridors, lemuel_fruit_fields
Lair:2:   layout_layer_cave, minmay_swamp_entry_worms
Lair:3:   layout_loops_ring, spider_nest_entry_a, chequers_serial_rivers_room_a,
          beast_lair_carwin_7, infiniplex_staircase_pool
Lair:4:   layout_regular_city
Lair:5:   layout_loops_ring, chequers_serial_rivers_small_b,
          chequers_serial_rivers_large_b, uniq_kirke
Lair:6:   cheibrodos_lair_end_hotspot, layout_cave_shapes,
          minmay_slime_entry_oklob_open, uniq_sonja
Swamp:1:  layout_basic_swamp, evilmike_swamp_ruin_rubble_1
Swamp:2:  gammafunk_sealed_arena, layout_basic_swamp, hangedman_swamp_ruin_wall
Swamp:3:  layout_falls_marsh, nicolae_swamp_stair_fork, swamp_pool1
Swamp:4:  swamp_alternative, layout_basic_swamp, swamp_pool1
Orc:1:    layout_diamond_mine, uniq_snorg
Orc:2:    grunt_orc_cross, layout_caves, serial_shops, shop

Skill      XL: |  1  2  3  4  5  6  7  8  9 10 11 12 13 14 15 |
---------------+----------------------------------------------+-----
Spellcasting   | 4 5 6 8 9 12 13 16 | 16.2
Conjurations   | 5 6 7 8 10 11 12 13 16 19 | 19.0
Hexes          | 2 3 5 7 9 11 | 11.5
Translocations | 1 5 7 |  7.6
Fire Magic     | 1 4 7 9 10 | 10.0
Dodging        | 5 6 |  6.0
Fighting       | 2 |  2.0
Poison Magic   | 3 4 |  4.8
Air Magic      | 2 4 |  4.3
Ice Magic      | 5 |  5.8
Stealth        | |  2.4

Action                   |  1- 3 |  4- 6 |  7- 9 | 10-12 | 13-15 || total
-------------------------+-------+-------+-------+-------+-------++-------
Melee: Quarterstaff      |       |       |     8 |       |       ||     8
       Short sword       |       |       |    21 |   108 |    92 ||   221
 Cast: Magic Dart        |    52 |    56 |   152 |   161 |     6 ||   427
       Searing Ray       |     2 |    13 |    55 |    65 |    29 ||   164
       Fulminant Prism   |       |       |    10 |    49 |    65 ||   124
       Iskenderun's Myst |       |       |     3 |    24 |    38 ||    65
       Sticky Flame      |       |       |     1 |    39 |    51 ||    91
       Fireball          |       |       |       |     9 |     7 ||    16
       Dazzling Flash    |       |       |       |     1 |       ||     1
       Apportation       |       |       |       |     1 |       ||     1
       Orb of Destructio |       |       |       |       |   161 ||   161
       Blink             |       |       |       |       |     4 ||     4
       Freezing Cloud    |       |       |       |       |     1 ||     1
       Mephitic Cloud    |       |       |       |       |     1 ||     1
Invok: Call Merchant     |       |       |       |     1 |     2 ||     3
Evoke: Wand              |       |       |       |     1 |    10 ||    11
  Use: Scroll            |       |       |    15 |    10 |     9 ||    34
       Potion            |       |       |       |     1 |     2 ||     3
 Stab: Distracted        |       |       |       |     1 |     2 ||     3
       Sleeping          |       |       |       |     1 |     1 ||     2
Armor: Robe              |       |     5 |    12 |     8 |       ||    25
       Skin              |       |       |       |     2 |       ||     2
       Steam dragon scal |       |       |       |    86 |   107 ||   193
Dodge: Dodged            |     8 |    20 |    81 |   195 |   200 ||   504
Block: Other             |       |       |       |    53 |    58 ||   111
       Reflection        |       |       |       |     3 |     5 ||     8
